AoeStats
← kimbo

Arabia

510672897Analyzed
2v2 RM · 16h ago on Oct 2, 2026· 73m 38s· 4 players
Game mode
Random Map
Map size
Medium (4 player)
Population
200
Speed
Normal
Resources
Standard
Victory
Conquest
Starting age
Dark Age
Ending age
Imperial Age
RankedLock teamsTeams togetherTeam positionsShared explorationLock speedFull tech treeHidden civsTurbo modeCheats
Victory
Defeat
🇦🇷 Maya · Argentina
1362
+15
🇨🇴 Mongols · Colombia
1305
+17
🇦🇷 Persians · Argentina
1346
-16
🇦🇷 Maya · Argentina
1327
-16
dario_def
0:27 Loom
8:40 Feudal Age
9:18 Double-Bit Axe
13:14 Fletching
24:24 Castle Age
22:29 Horse Collar
23:21 Padded Archer Armor
23:16 Gold Mining
24:40 Crossbowman
25:16 Bodkin Arrow
25:46 Bow Saw
26:04 Heavy Plow
27:30 Ballistics
30:24 Leather Archer Armor
37:54 Imperial Age
37:17 Thumb Ring
38:50 Wheelbarrow
38:02 Town Watch
38:42 Bracer
41:31 Ring Archer Armor
41:54 Forging
42:51 Chemistry
44:12 Arbalester
46:22 Pikeman
47:14 Forging
49:09 Scale Mail Armor
49:45 Iron Casting
49:56 Crop Rotation
50:27 Wheelbarrow
51:27 Conscription
51:58 Hand Cart
51:12 Halberdier
52:09 Chain Mail Armor
52:54 Blast Furnace
52:24 Squires
53:54 Capped Ram
54:05 Elite Skirmisher
56:26 Hul'che Javelineers
58:27 Siege Ram
60:43 Two-Man Saw
60:31 Caravan
62:51 Plate Mail Armor
65:21 Fortified Wall
66:22 Masonry
68:54 Architecture
70:19 Stone Mining
[SotC] Maxeld
8:57 Loom
11:07 Feudal Age
12:43 Double-Bit Axe
12:39 Horse Collar
17:43 Fletching
17:55 Town Watch
23:36 Castle Age
22:14 Gold Mining
22:38 Scale Barding Armor
22:44 Forging
23:29 Bloodlines
24:31 Bow Saw
24:23 Heavy Plow
28:07 Wheelbarrow
28:40 Iron Casting
28:31 Husbandry
30:18 Gold Shaft Mining
32:24 Hand Cart
36:12 Chain Barding Armor
36:13 Stone Mining
36:41 Bodkin Arrow
41:40 Imperial Age
40:34 Stone Shaft Mining
41:53 Heavy Camel Rider
44:08 Blast Furnace
43:56 Bracer
44:38 Ballistics
45:19 Chemistry
44:25 Siege Engineers
44:16 Murder Holes
44:31 Siege Engineers
44:36 Masonry
47:23 Conscription
46:39 Light Cavalry
47:33 Padded Archer Armor
48:34 Leather Archer Armor
50:54 Hussar
53:43 Thumb Ring
54:03 Parthian Tactics
52:59 Elite Skirmisher
56:47 Coinage
56:44 Elite Mangudai
64:46 Banking
64:21 Caravan
kimbo
0:25 Loom
9:14 Feudal Age
13:37 Fletching
14:57 Padded Archer Armor
18:35 Double-Bit Axe
18:45 Town Watch
26:00 Castle Age
25:39 Gold Mining
26:04 Crossbowman
26:40 Bodkin Arrow
33:22 Ballistics
33:22 Leather Archer Armor
40:14 Thumb Ring
44:36 Imperial Age
44:44 Arbalester
46:30 Bracer
47:42 Chemistry
47:19 Wheelbarrow
47:46 Ring Archer Armor
48:40 Stone Mining
49:53 Bow Saw
50:12 Capped Ram
51:50 Conscription
51:06 Elite Skirmisher
51:54 Hul'che Javelineers
51:44 Elite Skirmisher
58:23 Arson
57:58 Eagle Warrior
59:31 Hand Cart
62:15 Squires
63:05 Scale Mail Armor
63:16 Forging
71:13 Guilds
Pingocho
6:34 Loom
8:35 Feudal Age
6:53 Loom
9:35 Double-Bit Axe
20:06 Castle Age
18:16 Gold Mining
18:10 Horse Collar
18:50 Scale Barding Armor
19:13 Bloodlines
21:40 Chain Barding Armor
22:15 Forging
22:45 Husbandry
25:55 Bow Saw
26:57 Iron Casting
26:35 Horse Collar
29:56 Heavy Plow
31:19 Wheelbarrow
35:40 Imperial Age
35:17 Cavalier
37:17 Crop Rotation
37:49 Two-Man Saw
37:40 Plate Barding Armor
37:19 Light Cavalry
37:46 Savar
39:55 Hussar
41:56 Gold Shaft Mining
43:05 Blast Furnace
42:27 Conscription
48:15 Hand Cart
49:15 Fletching
51:03 Stone Mining
53:55 Bodkin Arrow
54:09 Heavy Camel Rider
55:05 Kamandaran
56:58 Crossbowman
57:44 Thumb Ring
61:35 Ballistics
62:15 Chemistry
61:48 Padded Archer Armor
67:08 Caravan
Connection lost

Rejoining the realm…

Still unreachable

The connection could not be restored.

Session expired

The server has moved on; the page needs a fresh start.